 Dungeon Crawl Stone Soup version 0.29.1-1-gd02db6906a (webtiles) character file.

Game seed: 13647333857642402667

3 byup the Magician (level 1, -1/13 HPs)
             Began as a Gnoll Wanderer on Oct 12, 2022.
             Succumbed to a hobgoblin's poison
             ... on level 1 of the Dungeon.
             The game lasted 00:00:57 (151 turns).

byup the Magician (Gnoll Wanderer)                   Turns: 151, Time: 00:00:57

Health: -1/13      AC: 10    Str: 12    XL:     1   Next: 50%
Magic:  7/8        EV:  5    Int: 11    God:
Gold:   16         SH:  4    Dex: 10    Spells: 13/14 levels left

rFire   . . .      SeeInvis .   a - +0 club
rCold   . . .      Faith    .   b - +0 buckler
rNeg    . . .      Spirit   .   d - +0 chain mail
rPois   .          Reflect  .   (no helmet)
rElec   .          Harm     .   (no cloak)
rCorr   .          Rampage  .   (no gloves)
Will    .....                   (no boots)
Stlth   ..........              (no amulet)
HPRegen 0.04/turn               (no ring)
MPRegen 0.11/turn               (no ring)

@: lethally poisoned (-1 -> -14), very slightly contaminated
A: fangs 1, strong nose, distributed training
a: no special abilities


You were on level 1 of the Dungeon.
You visited 1 branch of the dungeon, and saw 1 of its levels.

You collected 16 gold pieces.

Inventory:

Hand Weapons
 a - a +0 club (weapon)
Armour
 b - a +0 buckler (worn)
 d - a +0 chain mail (worn)
Scrolls
 c - a scroll of silence


   Skills:
 + Level 0.0 Fighting
 + Level 0.0 Short Blades
 + Level 0.0 Long Blades
 + Level 0.0 Axes
 + Level 0.0 Maces & Flails
 + Level 0.0 Polearms
 + Level 0.0 Staves
 + Level 0.0 Ranged Weapons
 + Level 0.0 Throwing
 + Level 6.4 Armour
 + Level 0.0 Dodging
 + Level 0.0 Stealth
 + Level 4.4 Shields
 + Level 0.0 Unarmed Combat
 + Level 7.0 Spellcasting
 + Level 0.0 Conjurations
 + Level 0.0 Hexes
 + Level 0.0 Summonings
 + Level 0.0 Necromancy
 + Level 0.0 Translocations
 + Level 0.0 Transmutations
 + Level 0.0 Fire Magic
 + Level 0.0 Ice Magic
 + Level 0.0 Air Magic
 + Level 0.0 Earth Magic
 + Level 0.0 Poison Magic
 + Level 2.4 Invocations
 + Level 2.3 Evocations


You had 13 spell levels left.
You knew the following spells:

 Your Spells              Type           Power      Damage    Failure   Level
a - Sting                 Tmut/Pois      16%        1d3       99%         1

Your spell library contained the following spells:

 Spells                   Type           Power      Damage    Failure   Level
 Sublimation of Blood     Necr           4%         N/A       100%        2
 Ignite Poison            Fire/Tmut/Pois 4%         N/A       100%        3
 Petrify                  Tmut/Erth      4%         N/A       100%        4
 Irradiate                Conj/Tmut      2%         3d12      100%        5


Dungeon Overview and Level Annotations

Branches:
Dungeon (1/15)

Altars:


Innate Abilities, Weirdness & Mutations

You have very sharp teeth.
Your uncanny sense of smell can sniff out nearby items.
Your experience applies equally to all skills.


Message History

The goblin shouts!
The bat barely misses you.
A rat comes into view.
You miss the bat. You block the bat's attack.
The bat hits you but does no damage. You block the bat's attack.
A hobgoblin comes into view. It is wielding a +2 dagger of venom.
The hobgoblin shouts!
You hit the bat.
The bat is heavily wounded.
The bat hits you but does no damage. x3
You hit the bat.
You kill the bat!
Casting: Sting (safe; 99% risk of failure)
Confirm with . or Enter, or press ? or * to list all spells.
Aiming: Sting (safe; 99% risk of failure)
Press: ? - help, Shift-Dir - straight line, f - goblin
Aim: a goblin, wielding a +0 club (55% to hit)
You miscast Sting.
You are very lightly contaminated with residual magic.
Nothing appears to happen.
The rat barely misses you.
You hit the rat but do no damage. The goblin hits you but does no damage.
The rat barely misses you. The rat closely misses you.
The goblin hits you but does no damage.
You hit the rat.
You kill the rat!
The goblin hits you with a +0 club.
You closely miss the goblin. You bite the goblin.
The goblin is moderately wounded.
The goblin hits you with a +0 club. You block the hobgoblin's attack.
You completely miss the goblin.
The goblin is moderately wounded.
The goblin hits you with a +0 club.
The hobgoblin hits you with a +2 dagger of venom.
* * * LOW HITPOINT WARNING * * *
You are lethally poisoned!
The hobgoblin hits you but does no damage.
The goblin hits you but does no damage.
You barely miss the goblin.
The goblin is moderately wounded.
You die...

#... #.. ... ..# #.. #.#
#.. #.# #.. #.####+#
#..###......#
#.#.........#
#g@.[.......##
#.g#.##..##...##
#...#.##..#.....#
...#............####
#$#(##.#.###.........###
. ## ..#.# #............
∆ ∆##.#.###.........###
#.#..........####
####....#


You could see a hobgoblin and a goblin.

Vanquished Creatures
  A ball python (D:1)
  A bat (D:1)
  A rat (D:1)
3 creatures vanquished.

Notes
Turn   | Place    | Note
-------+----------+-------------------------------------------
     0 | D:1      | byup the Gnoll Wanderer began the quest for the Orb.
     0 | D:1      | byup set off with the following items: a +0 club, a +0
                  | buckler, a scroll of silence, a +0 chain mail; and the
                  | following spell memorised: Sting; and the following spells
                  | available to memorise: Ignite Poison.
     0 | D:1      | Reached XP level 1. HP: 13/13 MP: 8/8
   151 | D:1      | Succumbed to a hobgoblin's poison

Illustrated notes

Levels and vault maps discovered:
D:1:      elethiomel_arrival_shortcut, layout_loops_corners,
          kennysheep_pointless_box, minmay_misc_feat_square,
          dreamdust_princess_bridge, minmay_tall_x

Action                   || total
-------------------------++-------
Melee: Club              ||    14
       Bite              ||     1
Armor: Chain mail        ||    13
Dodge: Dodged            ||     4
Block: Buckler           ||     4
